 Dungeon Sprint DCSS version 0.24-a0-132-ge4b1dce (webtiles) character file.

Game seed: 10316052629420764285

126 galech the Skirmisher (level 4, -4/60 HPs)
             Began as a Demonspawn Fighter on Feb 27, 2019.
             Was an Initiate of Okawaru.
             Slain by a troll (13 damage)
             ... in the Dungeon (Sprint IX: "|||||||||||||||||||||||||||||").
             The game lasted 00:00:59 (215 turns).

galech the Skirmisher (Demonspawn Fighter)           Turns: 215, Time: 00:00:59

Health: -4/60      AC: 19    Str: 21    XL:     4   Next: 83%
Magic:  4/4        EV:  9    Int:  9    God:    Okawaru [......]
Gold:   0          SH: 10    Dex: 14    Spells: 3/3 levels left

rFire    . . .     SeeInvis .   a - +0 flail
rCold    . . .     Gourm    .   c - +0 shield
rNeg     . . .     Faith    .   r - +2 ring mail
rPois    .         Spirit   .   (no helmet)
rElec    .         Reflect  .   (no cloak)
rCorr    .         Harm     .   (no gloves)
MR       .....     NoTele   +   q - +0 pair of boots
Stlth    ..........             (no amulet)
HPRegen  0.20/turn              s - +2 ring of protection
MPRegen  0.09/turn              t - +2 ring of protection

@: mighty, berserking, sanguine armour, very quick
A: powered by pain 1, sanguine armour 1
a: Renounce Religion


You were in the Dungeon.
You worshipped Okawaru.
Okawaru was noncommittal.
You were not hungry.

You visited 1 branch

Inventory:

Hand Weapons
 a - a +0 flail (weapon)
 p - a +2 dire flail of crushing
Armour
 b - a +0 scale mail
 c - a +0 shield (worn)
 q - a +0 pair of boots (worn)
 r - a +2 ring mail (worn)
Jewellery
 s - a +2 ring of protection (left hand)
 t - a +2 ring of protection (right hand)
Wands
 o - a wand of acid (10)
Scrolls
 k - 2 scrolls of blinking
 m - 3 scrolls of remove curse
 n - 2 scrolls of amnesia
Potions
 e - 5 potions of curing
 g - 3 potions of heal wounds
 h - a potion of haste
 i - 4 potions of magic
 l - a potion of invisibility
Comestibles
 d - 6 chunks of flesh
 f - a ration


   Skills:
 + Level 5.7 Fighting
 + Level 4.2 Maces & Flails
 + Level 5.1 Armour
 + Level 1.0 Dodging
 + Level 5.2 Shields


You had 3 spell levels left.
You didn't know any spells.
Your spell library was empty.

Dungeon Overview and Level Annotations

Branches:
Dungeon (1/1)

Altars:
Cheibriados
Dithmenos
Elyvilon
Fedhas
Gozag
Hepliaklqana
Kikubaaqudgha
Makhleb
Nemelex Xobeh
Okawaru
Qazlal
Ru
Sif Muna
Trog
Uskayaw
Vehumet
Wu Jian
Xom
Yredelemnul
Zin
The Shining One
Beogh
Jiyva
Lugonu


Innate Abilities, Weirdness & Mutations

You sometimes gain a little power by taking damage.
When seriously injured, your bleeding wounds create armour. (AC +6)


Message History

The troll claws you.
You barely miss the troll.
The troll is moderately wounded.
The troll bites you!
You focus on the pain.
You feel very mighty all of a sudden.
Your blood congeals into armour.
The troll claws you but does no damage. x2
You block the troll's attack. The troll claws you!
* * * LOW HITPOINT WARNING * * *
The troll claws you but does no damage.
A red film seems to cover your vision as you go berserk!
You feel yourself moving faster!
You feel mighty! The troll bites you but does no damage. The troll claws you.
* * * LOW HITPOINT WARNING * * *
You block the troll's attack.
You hit the troll but do no damage.
The troll is moderately wounded.
You barely miss the troll.
The troll is moderately wounded.
The troll bites you!
You die...

▓.▓
▓.▓
▓|▓
▓)▓
▓.▓
▓[▓
▓.▓
▓.▓
▓@▓
▓T▓
▓9▓
▓y▓
▓O▓
▓o▓
▓O▓
▓.▓


You could see a two-headed ogre, a troll, a gargoyle, an ogre, a killer bee and
an orc.

Vanquished Creatures
  An ogre (D)
  A worker ant (D)
  A shadow imp (D)
  An orc (D)
  A giant cockroach (D)
  2 goblins (D)
  2 bats (D)
  A rat (D)
10 creatures vanquished.

Notes
Turn   | Place    | Note
-------+----------+-------------------------------------------
     0 | D        | galech the Demonspawn Fighter began the quest for the Orb.
     0 | D        | Reached XP level 1. HP: 18/18 MP: 1/1
    62 | D        | Noticed an ogre
    62 | D        | Noticed a worker ant
    68 | D        | Killed an ogre
    68 | D        | Reached skill level 5 in Fighting
    68 | D        | Gained mutation: When seriously injured, your bleeding
                  | wounds create armour. (AC +6) [demonic ancestry]
    68 | D        | Reached XP level 2. HP: 14/27 MP: 2/2
    68 | D        | Gained mutation: You sometimes gain a little power by
                  | taking damage. [demonic ancestry]
    68 | D        | Reached XP level 3. HP: 17/33 MP: 3/3
    68 | D        | Reached XP level 4. HP: 21/39 MP: 4/4
    73 | D        | Reached skill level 5 in Shields
    77 | D        | Reached skill level 5 in Armour
    78 | D        | Reached skill level 1 in Dodging
   116 | D        | Found a roughly hewn altar of Beogh.
   116 | D        | Found a snail-covered altar of Cheibriados.
   116 | D        | Found a shadowy altar of Dithmenos.
   116 | D        | Found a white marble altar of Elyvilon.
   116 | D        | Found a blossoming altar of Fedhas.
   116 | D        | Found an opulent altar of Gozag.
   117 | D        | Found a hazy altar of Hepliaklqana.
   118 | D        | Found a viscous altar of Jiyva.
   119 | D        | Found an ancient bone altar of Kikubaaqudgha.
   120 | D        | Found a corrupted altar of Lugonu.
   121 | D        | Found a burning altar of Makhleb.
   122 | D        | Found a sparkling altar of Nemelex Xobeh.
   123 | D        | Found an iron altar of Okawaru.
   124 | D        | Found a stormy altar of Qazlal.
   125 | D        | Found a sacrificial altar of Ru.
   126 | D        | Found a deep blue altar of Sif Muna.
   127 | D        | Found a bloodstained altar of Trog.
   128 | D        | Found a hide-covered altar of Uskayaw.
   129 | D        | Found a radiant altar of Vehumet.
   130 | D        | Found an ornate altar of the Wu Jian Council.
   133 | D        | Became a worshipper of Warmaster Okawaru
   134 | D        | Found a shimmering altar of Xom.
   135 | D        | Found a basalt altar of Yredelemnul.
   136 | D        | Found a glowing silver altar of Zin.
   137 | D        | Found a glowing golden altar of the Shining One.
   208 | D        | Noticed a troll
   208 | D        | Noticed a gargoyle
   208 | D        | Noticed an ogre
   208 | D        | Noticed a two-headed ogre
   215 | D        | Slain by a troll

Levels and vault maps discovered:
D:        linesprint [early_d, line_temple, items_1, d_10, items_2, lair_1,
          lair_end, items_3, orc_1, orc_end, items_4, d_15, swamp_1, shoals_1,
          snake_1, spider_1, d_20, vaults_1, items_5, swamp_end, shoals_end,
          snake_end, spider_end, vaults_end, d_27, items_6, zot_1, zot_end,
          crypt_end, forest_end, elf_end, slime_end, tomb_end, abyss_end,
          pan_hell_end]

Skill      XL: |  1  2  3  4 |
---------------+-------------+-----
Armour         | 4 5 |  5.1
Shields        | 4 5 |  5.2
Maces & Flails | 3 4 |  4.2
Fighting       | 5 |  5.7
Dodging        | 1 |  1.0

Action                   |  1- 3 |  4- 6 || total
-------------------------+-------+-------++-------
Melee: Flail             |    30 |    16 ||    46
  Use: Potion            |     1 |     1 ||     2
Armor: Scale mail        |    18 |     2 ||    20
       Ring mail         |       |     6 ||     6
Dodge: Dodged            |     8 |     7 ||    15
Block: Shield            |    12 |     8 ||    20

Table legend:
 A = Non-vault XP
 B = Vault XP
 C = Vault XP percentage of total XP
 D = Non-vault monster count
 E = Vault monster count
 F = Vault count percentage of total count
                 A         B        C        D         E       F
            +---------+---------+-------+---------+---------+-------
      Total |       0 |     180 | 100.0 |       0 |      10 | 100.0
            +---------+---------+-------+---------+---------+-------
          D |       0 |     180 | 100.0 |       0 |      10 | 100.0
            +---------+---------+-------+---------+---------+-------
